 Dungeon Sprint DCSS version 0.21-a0-72-gbbb65ab (webtiles) character file.

461 Kidiri the Insei (level 6, 0/57 HPs)
             Began as a Draconian Transmuter on June 20, 2017.
             Was an Elder of Wu Jian.
             Slain by a wight
             ... wielding a +4 dagger
              (2 damage)
             ... in the Dungeon (Sprint VII: "The Pits").
             The game lasted 00:02:43 (413 turns).

Kidiri the Insei (Draconian Transmuter)              Turns: 413, Time: 00:02:44

Health: 0/57       AC:  6    Str: 13    XL:     6   Next: 79%
Magic:  10/14      EV: 15    Int: 13    God:    Wu Jian [****..]
Gold:   0          SH:  0    Dex: 13    Spells: 7/15 levels left

rFire    . . .     SeeInvis .     - Unarmed
rCold    . . .     Gourm    .   (no shield)
rNeg     . . .     Faith    .   (armour unavailable)
rPois    .         Spirit   .   (helmet restricted)
rElec    .         Reflect  .   (no cloak)
rCorr    .         Harm     .   (no gloves)
MR       .....     NoTele   +   (no boots)
Stlth    +++.......             (no amulet)
HPRegen  0.19/turn              (no ring)
MPRegen  0.14/turn              (no ring)

@: berserk cooldown, slowed, drained, very slow
A: unfitting armour, cold-blooded, AC +6
a: Serpent's Lash, Renounce Religion


You were in the Dungeon.
You worshipped Wu Jian.
Wu Jian was greatly pleased with you.
You were not hungry.

You visited 1 branch

Inventory:

Missiles
 a - 12 arrows
Scrolls
 i - a scroll of blinking
 l - 3 scrolls of remove curse
 m - 5 scrolls of amnesia
 n - a scroll of summoning
Potions
 d - 5 potions of curing
 e - 6 potions of heal wounds
 f - a potion of haste
 g - 4 potions of magic
 h - 2 potions of berserk rage
 k - 2 potions of invisibility
Books
 b - a book of Changes

   Spells                             Type                      Level
   a - Beastly Appendage              Transmutation                1
   b - Sticks to Snakes               Transmutation                2
   c - Spider Form                    Transmutation/Poison         3
   d - Ice Form                       Ice/Transmutation            4
   e - Blade Hands                    Transmutation                5
Comestibles
 c - 8 bread rations
 j - 3 chunks of flesh
 o - 40 fruits
 p - 7 meat rations


   Skills:
 * Level 6.3(5.9) Fighting
 * Level 5.7(5.3) Dodging
 * Level 5.4(5.1) Stealth
 * Level 6.5(6.1) Unarmed Combat
 * Level 5.4(5.1) Spellcasting
 * Level 6.0(5.6) Transmutations
 + Level 2.5(2.2) Ice Magic
 + Level 2.4(2.0) Poison Magic


You had 7 spell levels left.
You knew the following spells:

 Your Spells              Type           Power        Failure   Level  Hunger
a - Beastly Appendage     Tmut           ###...       1%          1    None
b - Spider Form           Tmut/Pois      ##........   12%         3    ###....
c - Ice Form              Ice/Tmut       ##......     36%         4    ####...


Dungeon Overview and Level Annotations

Branches:
Dungeon (1/1)

Altars:
Ashenzari
Cheibriados
Dithmenos
Elyvilon
Fedhas
Gozag
Hepliaklqana
Kikubaaqudgha
Makhleb
Nemelex Xobeh
Okawaru
Qazlal
Ru
Sif Muna
Trog
Uskayaw
Vehumet
Wu Jian
Xom
Yredelemnul
Zin
The Shining One
Beogh
Jiyva
Lugonu


Innate Abilities, Weirdness & Mutations

Your plain brown scales are hard. (AC +6)
You cannot fit into any form of body armour.
You are cold-blooded and may be slowed by cold attacks.


Message History

You hit the wight but do no damage. The wight closely misses you.
The gnoll closely misses you. The wight misses you.
You barely miss the wight.
Your transformation has ended.
The gnoll misses you.
The wight hits you with an enchanted dagger.
The gnoll hits you but does no damage.
You hit the wight but do no damage.
The wight hits you with an enchanted dagger!
* * * LOW HITPOINT WARNING * * *
The gnoll barely misses you.
You hit the wight.
The wight is lightly damaged.
The wight misses you.
The gnoll hits you from afar with a spear.
* * * LOW HITPOINT WARNING * * *
The wight hits you with an enchanted dagger!
* * * LOW HITPOINT WARNING * * *
You feel drained.
You die...

#'#####+#####.....
#.#..#..#รท.##.....
#.#..+..+).#####+#
#.##+####+###.....
#.#........##.....
#.#...%....##.....
#.#####+#####...<.
#.#...)))[.##.....
#@#...)))[.##.....
#z###########.....
#gg.....# ######
#wg..g..# #...#...#
#..## ..# #... .#
#... # #....


You could see a worm, a wight and 3 gnolls.

Vanquished Creatures
  A floating eye (D)
  A gnoll sergeant (D)
  A scorpion (D)
  4 wights (D)
  Crazy Yiuf (D)
  A worker ant (D)
  A gnoll (D)
  2 leopard geckos (D)
  An orc (D)
  A bat (D)
  A bat skeleton (D)
  A giant cockroach (D)
  2 jackals (D)
  A frilled lizard (D)
  A rat (D)
20 creatures vanquished.

Notes
Turn   | Place    | Note
-------+----------+-------------------------------------------
     0 | D        | Kidiri the Draconian Transmuter began the quest for the Orb.
     0 | D        | Reached XP level 1. HP: 16/16 MP: 3/3
    91 | D        | Found a bloodstained altar of Trog.
    91 | D        | Found a deep blue altar of Sif Muna.
    91 | D        | Found a viscous altar of Jiyva.
    91 | D        | Found a hazy altar of Hepliaklqana.
    91 | D        | Found an opulent altar of Gozag.
    92 | D        | Found a glowing golden altar of the Shining One.
    92 | D        | Found a glowing silver altar of Zin.
    92 | D        | Found a basalt altar of Yredelemnul.
    92 | D        | Found a shimmering altar of Xom.
    92 | D        | Found an ornate altar of the Wu Jian Council.
    92 | D        | Found a sacrificial altar of Ru.
    92 | D        | Found a stormy altar of Qazlal.
    92 | D        | Found an iron altar of Okawaru.
    92 | D        | Found a sparkling altar of Nemelex Xobeh.
    92 | D        | Found a burning altar of Makhleb.
    92 | D        | Found a blossoming altar of Fedhas.
    92 | D        | Found a white marble altar of Elyvilon.
    92 | D        | Found a shadowy altar of Dithmenos.
    92 | D        | Found a snail-covered altar of Cheibriados.
    94 | D        | Found a radiant altar of Vehumet.
    94 | D        | Found a corrupted altar of Lugonu.
    94 | D        | Found a roughly hewn altar of Beogh.
    95 | D        | Found a hide-covered altar of Uskayaw.
    95 | D        | Found an ancient bone altar of Kikubaaqudgha.
    95 | D        | Found a shattered altar of Ashenzari.
   101 | D        | Became a worshipper of the Wu Jian Council
   136 | D        | Reached * piety under Wu Jian
   210 | D        | Noticed a floating eye
   210 | D        | Noticed a worker ant
   211 | D        | Paralysed by a floating eye for 3 turns
   218 | D        | Killed a floating eye
   218 | D        | Reached XP level 2. HP: 27/27 MP: 1/6
   218 | D        | Reached XP level 3. HP: 33/33 MP: 1/8
   218 | D        | Reached XP level 4. HP: 40/40 MP: 1/9
   222 | D        | Reached skill level 5 in Unarmed Combat
   231 | D        | Learned a level 3 spell: Spider Form
   236 | D        | Learned a level 4 spell: Ice Form
   315 | D        | Reached ** piety under Wu Jian
   316 | D        | Reached XP level 5. HP: 43/47 MP: 7/11
   317 | D        | Reached skill level 1 in Ice Magic
   317 | D        | Reached skill level 1 in Poison Magic
   376 | D        | Noticed Crazy Yiuf
   382 | D        | Reached *** piety under Wu Jian
   382 | D        | Reached skill level 5 in Fighting
   383 | D        | Reached skill level 5 in Transmutations
   388 | D        | Reached skill level 5 in Dodging
   388 | D        | Reached XP level 6. HP: 56/56 MP: 9/13
   390 | D        | Killed Crazy Yiuf
   390 | D        | Reached **** piety under Wu Jian
   396 | D        | Reached skill level 5 in Stealth
   396 | D        | Reached skill level 5 in Spellcasting
   413 | D        | HP: 2/57 [wight/enchanted dagger (9)]
   413 | D        | Slain by a wight

Vault maps used:
D:        pitsprint

Skill      XL: |  1  2  3  4  5  6 |
---------------+-------------------+-----
Dodging        | 3 4 5 |  5.7
Fighting       | 4 5 6 |  6.3
Stealth        | 3 4 5 |  5.4
Unarmed Combat | 4 5 6 |  6.5
Spellcasting   | 3 4 5 |  5.4
Transmutations | 4 5 6 |  6.0
Ice Magic      | 1 2 |  2.5
Poison Magic   | 1 2 |  2.4

Action                   |  1- 3 |  4- 6 || total
-------------------------+-------+-------++-------
Melee: Unarmed           |    15 |    41 ||    56
       Headbutt          |     1 |     1 ||     2
       Tailslap          |       |     1 ||     1
 Cast: Beastly Appendage |     4 |       ||     4
       Spider Form       |       |     3 ||     3
  Use: Potion            |       |     2 ||     2
Armor: Skin              |     3 |     5 ||     8
Dodge: Dodged            |     6 |    57 ||    63
